[Event "Titled Tuesday Blitz July 11 Late 2023"]
[White "Perske, Thore"]
[Black "OllieAr"]
[WhiteFideId "12902195"]
[WhiteElo "2511"]
[BlackElo "2301"]
[Result "1-0"]
[Round "2"]
[TimeControl "180+2"]
[Date "2023.07.11"]
[WhiteClock "0:01:22"]
[BlackClock "0:00:25"]
[Board "152"]

1. d4 d5 2. Nf3 Nf6 3. g3 c5 4. Bg2 Nc6 5. O-O e6 6. c4 dxc4 7. Ne5 Nxe5 8. dxe5 Nd5 9. Na3 Be7 10. Nxc4 O-O 11. a4 b6 12. Nd6 Rb8 13. a5 Qc7 14. Nxc8 Rfxc8 15. Bxd5 Rd8 16. axb6 axb6 17. e4 Rbc8 18. Qb3 exd5 19. exd5 Qxe5 20. Rd1 Rb8 21. Bf4 1-0


[Site "https://www.chess.com"]

[Event "Titled Tuesday Blitz July 11 Late 2023"]
[White "Al Mukhaini, Shima"]
[Black "Osmak, Yuliia"]
[WhiteFideId "22005854"]
[BlackFideId "14101602"]
[WhiteElo "2298"]
[BlackElo "2511"]
[Result "0-1"]
[Round "2"]
[TimeControl "180+2"]
[Date "2023.07.11"]
[WhiteClock "0:00:07"]
[BlackClock "0:00:08"]
[Board "153"]

1. b3 e5 2. Bb2 Nc6 3. e3 g6 4. d4 Bg7 5. d5 Nce7 6. d6 cxd6 7. Qxd6 Nf5 8. Qd1 d5 9. Bb5+ Kf8 10. Nc3 Nge7 11. e4 Nd4 12. Bd3 Be6 13. Nf3 Nxf3+ 14. Qxf3 d4 15. Ne2 h5 16. O-O Qd7 17. h4 Kg8 18. Qg3 Kh7 19. f4 Bg4 20. fxe5 Nc6 21. Qf2 Rhf8 22. Nxd4 Bxe5 23. Nxc6 Bxb2 24. Rab1 Bg7 25. Kh1 bxc6 26. Qc5 Bd4 27. Qg5 Qd8 28. Qxd8 Raxd8 29. b4 Be6 30. a4 Rb8 31. b5 cxb5 32. axb5 Rfc8 33. Rb4 Bc3 34. Ra4 Rc7 35. Rb1 Kg7 36. Kh2 Rbc8 37. g3 Be5 38. Kg2 Bc4 39. Kf3 Bxd3 40. cxd3 Rc3 41. Rd1 Rd8 42. Ke3 Rb3 43. Rd2 Rxb5 44. d4 Rb3+ 45. Kf2 Bf6 46. e5 Bxe5 47. Kg2 Bxg3 48. Rxa7 Bxh4 49. d5 Bf6 50. d6 Rb6 51. d7 Re6 52. Rc7 Re4 53. Rdc2 Rd4 54. Rf2 R4xd7 55. Rc6 Rd6 56. Rc5 Rd2 57. Rc2 Rxf2+ 58. Rxf2 h4 59. Kh3 g5 60. Kg4 Kg6 61. Kh3 Rd4 62. Rg2 Kh5 63. Kh2 g4 64. Rf2 Be5+ 65. Kg2 f6 66. Rf5+ Kg6 67. Rf2 h3+ 68. Kf1 g3 69. Ra2 g2+ 70. Kf2 Rg4 71. Kg1 h2+ 72. Kf2 g1=Q+ 73. Kf3 h1=Q+ 74. Rg2 Qhxg2# 0-1


[Site "https://www.chess.com"]

[Event "Titled Tuesday Blitz July 11 Late 2023"]
[White "Dixit, Nikhil"]
[Black "Hoffmann, Asa"]
[WhiteFideId "5059534"]
[BlackFideId "2001470"]
[WhiteElo "2510"]
[BlackElo "2298"]
[Result "1-0"]
[Round "2"]
[TimeControl "180+2"]
[Date "2023.07.11"]
[WhiteClock "0:00:13"]
[BlackClock "0:00:00"]
[Board "154"]

1. e4 d6 2. d4 Nf6 3. Nc3 c6 4. Bg5 Nbd7 5. Nf3 b5 6. e5 b4 7. exf6 gxf6 8. Ne4 fxg5 9. Qe2 e6 10. Nfxg5 Nf6 11. O-O-O Bh6 12. h4 Nxe4 13. Qxe4 f6 14. Qxc6+ Bd7 15. Qxd6 fxg5 16. Be2 gxh4+ 17. Kb1 Kf7 18. d5 Qe7 19. Bh5+ Kf8 20. dxe6 Bxe6 21. Qd4 Bg7 22. Qf4+ Qf6 23. Qxb4+ Kg8 24. Rxh4 a5 25. Qb7 Rd8 26. Rxd8+ Qxd8 27. Rf4 Bf6 28. Bg4 Bf7 29. Qf3 Kg7 30. Bh5 Bg6 31. a4 Rf8 32. Bxg6 hxg6 33. Qb7+ Qe7 34. Qxe7+ Bxe7 35. Re4 Bb4 36. c3 Bc5 37. f3 Bf2 38. Kc2 Kf6 39. b4 Rb8 40. Kb3 g5 41. Re2 Bb6 42. Re4 Bc7 43. Rc4 Bd6 44. Rc6 Ke5 45. b5 Kd5 46. c4+ Ke5 47. c5 Be7 48. Kc4 Rd8 49. b6 Rd4+ 50. Kb5 1-0


[Site "https://www.chess.com"]

[Event "Titled Tuesday Blitz July 11 Late 2023"]
[White "Freile Martin, Javier"]
[Black "Tifferet, Shaked"]
[WhiteFideId "3600165"]
[BlackFideId "2811529"]
[WhiteElo "2287"]
[BlackElo "2510"]
[Result "0-1"]
[Round "2"]
[TimeControl "180+2"]
[Date "2023.07.11"]
[WhiteClock "0:00:31"]
[BlackClock "0:01:34"]
[Board "155"]

1. c4 a6 2. e3 c6 3. Nf3 d5 4. b3 Nf6 5. Bb2 e6 6. d3 Nbd7 7. Nbd2 Be7 8. a3 O-O 9. Qc2 b5 10. Be2 a5 11. O-O Qb6 12. Rab1 Ba6 13. Rfc1 c5 14. Ne5 b4 15. a4 Rac8 16. cxd5 exd5 17. Nxd7 Nxd7 18. Nf3 Bf6 19. Bxf6 Qxf6 20. h3 Nb6 21. Qb2 Qxb2 22. Rxb2 c4 23. dxc4 dxc4 24. Rd2 c3 25. Rd6 Bxe2 26. Rxb6 Bxf3 27. gxf3 Rfd8 28. Rb5 c2 29. Rxa5 g6 0-1


[Site "https://www.chess.com"]

[Event "Titled Tuesday Blitz July 11 Late 2023"]
[White "Olivares Olivares, Claudio"]
[Black "Fominykh, Maria"]
[WhiteFideId "3400786"]
[BlackFideId "4142411"]
[WhiteElo "2509"]
[BlackElo "2282"]
[Result "1-0"]
[Round "2"]
[TimeControl "180+2"]
[Date "2023.07.11"]
[WhiteClock "0:00:48"]
[BlackClock "0:00:00"]
[Board "156"]

1. e4 d6 2. d4 Nf6 3. Nc3 e5 4. Nf3 Nbd7 5. Bc4 Be7 6. O-O O-O 7. dxe5 dxe5 8. Qe2 c6 9. a4 Qc7 10. Rd1 a5 11. b3 Nc5 12. Bb2 Bg4 13. h3 Bh5 14. Rd2 Rad8 15. Rad1 Rxd2 16. Rxd2 Rd8 17. Rxd8+ Bxd8 18. Nd1 Nfd7 19. Bc3 Qd6 20. Nb2 Kh8 21. Nd3 Nxd3 22. cxd3 Bb6 23. g4 Bg6 24. Nh4 Nf8 25. Qf3 f6 26. Nxg6+ Nxg6 27. Qf5 Qd8 28. Bd2 Ne7 29. Qe6 h6 30. Qf7 Nc8 31. Be6 Nd6 32. Qg6 Qf8 33. b4 axb4 34. Bxb4 c5 35. Bd2 Qe7 36. Bd5 Nc8 37. h4 Nd6 38. g5 fxg5 39. hxg5 1-0


[Site "https://www.chess.com"]

[Event "Titled Tuesday Blitz July 11 Late 2023"]
[White "Yedidia, Daniel"]
[Black "Georg, Heinz"]
[WhiteFideId "30905907"]
[BlackFideId "4607295"]
[WhiteElo "2509"]
[BlackElo "2272"]
[Result "1-0"]
[Round "2"]
[TimeControl "180+2"]
[Date "2023.07.11"]
[WhiteClock "0:00:57"]
[BlackClock "0:00:37"]
[Board "157"]

1. d4 e6 2. c4 f5 3. g3 Nf6 4. Bg2 Be7 5. Nh3 O-O 6. O-O d6 7. Nc3 c6 8. Nf4 Qc7 9. e4 e5 10. Nfe2 fxe4 11. dxe5 dxe5 12. Nxe4 Bf5 13. N2c3 Nbd7 14. Qe2 Nxe4 15. Nxe4 Nf6 16. Nxf6+ Bxf6 17. Be3 a5 18. Rac1 Rad8 19. Rfd1 Rxd1+ 20. Rxd1 Rd8 21. Rxd8+ Qxd8 22. Qd2 Qxd2 23. Bxd2 a4 24. Bc3 Kf7 25. Bf1 Ke6 26. f3 e4 27. Bxf6 gxf6 28. f4 Kd6 29. Kf2 Kc5 30. Ke3 Kb4 31. h3 a3 32. bxa3+ Kxa3 33. g4 Be6 34. Kxe4 Kxa2 35. c5 Kb3 36. Kd4 Kb4 37. f5 Bd5 38. h4 h6 39. Be2 Bf7 40. Bf3 Bc4 41. g5 fxg5 42. hxg5 hxg5 43. Bh5 Kb5 44. f6 b6 45. cxb6 c5+ 46. Kc3 g4 47. b7 1-0


[Site "https://www.chess.com"]

[Event "Titled Tuesday Blitz July 11 Late 2023"]
[White "WindWhistler11"]
[Black "Kiselev, Pavel"]
[BlackFideId "4191102"]
[WhiteElo "2505"]
[BlackElo "2253"]
[Result "0-1"]
[Round "2"]
[TimeControl "180+2"]
[Date "2023.07.11"]
[WhiteClock "0:00:00"]
[BlackClock "0:00:03"]
[Board "158"]

1. Nf3 Nf6 2. g3 e6 3. c4 d5 4. Bg2 c6 5. b3 Nbd7 6. Bb2 Be7 7. O-O O-O 8. d3 b6 9. Nbd2 Bb7 10. Qc2 c5 11. e4 d4 12. Ne1 e5 13. h3 Ne8 14. f4 exf4 15. gxf4 f5 16. e5 Bxg2 17. Nxg2 Nc7 18. Kh2 Ne6 19. Nf3 Kh8 20. h4 h6 21. Rh1 g5 22. hxg5 hxg5 23. Kg3+ Kg7 24. Rag1 Rh8 25. fxg5 Nxg5 26. Nfh4 Nxe5 27. Nxf5+ Kf6 28. Ngh4 Bd6 29. Kf2 Ng6 30. Bc1 Nf4 31. Rxg5 Kxg5 32. Rg1+ Kf6 33. Rg4 Qc7 34. Nxd6 Nh3+ 35. Kg2 Ke6 36. Qe2+ Kxd6 37. Kxh3 Rae8 38. Bf4+ Kd7 39. Qxe8+ Rxe8 40. Bxc7 Kxc7 41. Rg7+ Kb8 42. Ng2 Re2 43. Nf4 Rxa2 44. Nd5 Rb2 45. Kg4 Rxb3 46. Kf5 Rxd3 47. Ke5 Rh3 48. Kd6 Rh6+ 49. Kd7 d3 50. Kd8 Rh4 51. Ne7 Rh6 52. Ke8 Re6 53. Rg2 Re3 54. Rg3 Re6 0-1


[Site "https://www.chess.com"]

[Event "Titled Tuesday Blitz July 11 Late 2023"]
[White "Quirke, Jeffrey"]
[Black "Rakitic2010"]
[WhiteFideId "2013029"]
[WhiteElo "2251"]
[BlackElo "2503"]
[Result "0-1"]
[Round "2"]
[TimeControl "180+2"]
[Date "2023.07.11"]
[WhiteClock "0:00:04"]
[BlackClock "0:02:02"]
[Board "160"]

1. e4 Nf6 2. e5 Nd5 3. d4 d6 4. exd6 cxd6 5. Nf3 g6 6. h3 Bg7 7. Be2 O-O 8. O-O Nc6 9. c4 Nb6 10. Be3 Bf5 11. Nc3 e5 12. c5 dxc5 13. dxe5 Qe7 14. Nb5 Nxe5 15. Nxe5 Qxe5 16. Qd6 Nd5 17. Qxe5 Bxe5 18. Bxc5 Rfc8 19. Bxa7 Bxb2 20. Rad1 Nf4 21. Bf3 Bd3 22. Bxb7 Bxb5 23. Bxc8 Bxf1 24. Rd8+ Kg7 25. Be3 Ba6 26. Bxf4 Rxc8 27. Rxc8 Bxc8 28. h4 h5 29. g3 Kf6 30. a4 Bc3 31. Bc7 Bd7 32. a5 Bb5 33. Kg2 Kf5 34. f3 Bc6 35. Kf2 Bd4+ 36. Kg2 f6 37. Bd8 g5 38. hxg5 fxg5 39. Bxg5 Kxg5 0-1


[Site "https://www.chess.com"]

[Event "Titled Tuesday Blitz July 11 Late 2023"]
[White "Peycheva, Gergana"]
[Black "Alexikov, Alexander"]
[WhiteFideId "2916711"]
[BlackFideId "14103958"]
[WhiteElo "2502"]
[BlackElo "2249"]
[Result "1-0"]
[Round "2"]
[TimeControl "180+2"]
[Date "2023.07.11"]
[WhiteClock "0:00:07"]
[BlackClock "0:00:00"]
[Board "161"]

1. d4 Nf6 2. c4 g6 3. Nc3 Bg7 4. e4 d6 5. Nf3 O-O 6. Be2 e5 7. O-O Na6 8. Re1 c6 9. d5 Nc5 10. Bf1 a5 11. h3 Bd7 12. b3 cxd5 13. cxd5 b5 14. Nxb5 Bxb5 15. Bxb5 Nfxe4 16. Bb2 f5 17. Rc1 Qb6 18. Bc6 Ra7 19. Ba3 Bh6 20. Rc2 Na6 21. Qd3 Nb4 22. Bxb4 axb4 23. Rxe4 fxe4 24. Qxe4 Raf7 25. Qh4 Rxf3 26. gxf3 Bg7 27. Kg2 h5 28. Qe7 Qb8 29. Bd7 Kh7 30. Be6 Qd8 31. Rc7 Qxe7 32. Rxe7 Kh6 33. Rb7 1-0


[Site "https://www.chess.com"]

[Event "Titled Tuesday Blitz July 11 Late 2023"]
[White "Forgacs, Attila Jr."]
[Black "Sarkar, Justin"]
[WhiteFideId "773654"]
[BlackFideId "2010011"]
[WhiteElo "2500"]
[BlackElo "2245"]
[Result "1-0"]
[Round "2"]
[TimeControl "180+2"]
[Date "2023.07.11"]
[WhiteClock "0:00:02"]
[BlackClock "0:00:00"]
[Board "162"]

1. Nc3 Nf6 2. g4 Nxg4 3. e4 d5 4. Nxd5 c6 5. Nc3 e5 6. Bg2 Bc5 7. Nh3 Qh4 8. Qf3 O-O 9. d3 f5 10. Bg5 Qh5 11. O-O-O f4 12. Na4 Bd6 13. d4 h6 14. dxe5 Bxe5 15. Be7 Re8 16. Ba3 Qf7 17. Kb1 b6 18. Nc3 Be6 19. b3 Qf6 20. Ne2 g5 21. Nhg1 Bc7 22. Bb2 Ne5 23. Qc3 c5 24. Nf3 Nbc6 25. Nxe5 Bxe5 26. Qf3 Bxb2 27. e5 Nxe5 28. Qe4 f3 29. Bh3 fxe2 30. Qxe2 Bxh3 31. Qb5 Bd7 32. Rhe1 Bxb5 33. Rxe5 1-0


[Site "https://www.chess.com"]

[Event "Titled Tuesday Blitz July 11 Late 2023"]
[White "Chemin, Justo Reinaldo"]
[Black "Reprintsev, Alexander"]
[WhiteFideId "2101580"]
[BlackFideId "14100541"]
[WhiteElo "2236"]
[BlackElo "2499"]
[Result "1-0"]
[Round "2"]
[TimeControl "180+2"]
[Date "2023.07.11"]
[WhiteClock "0:00:14"]
[BlackClock "0:00:00"]
[Board "163"]

1. d4 d5 2. Nf3 Nc6 3. e3 Bg4 4. c4 e6 5. Nc3 Nf6 6. Qb3 Na5 7. Qa4+ c6 8. Ne5 dxc4 9. Nxc4 Nxc4 10. Qxc4 Bd6 11. f3 Bh5 12. e4 e5 13. Be3 O-O 14. Be2 Qc7 15. g4 Bg6 16. h4 exd4 17. Bxd4 Bg3+ 18. Kf1 b5 19. Qb3 b4 20. Nd1 Rfd8 21. Bxf6 gxf6 22. h5 Qb6 23. Kg2 Rxd1 24. Kxg3 Rxa1 25. Rxa1 Bxe4 26. fxe4 Re8 27. Bf3 Re5 28. Rd1 Kg7 29. Rd7 Qg1+ 30. Bg2 Qe1+ 31. Kf3 Qxe4+ 32. Kg3 Qe1+ 33. Kf3 Qe4+ 34. Kg3 Qe1+ 35. Kh2 Qh4+ 36. Qh3 Qg5 37. h6+ Kf8 38. Rd8+ Ke7 39. Rd3 Re2 40. Rf3 Qe5+ 41. Qg3 Rxb2 42. Qxe5+ fxe5 43. Rf5 f6 44. Kg3 c5 45. Bd5 Rd2 46. Bb3 a5 47. Rf1 a4 48. Bxa4 Rd3+ 49. Kh4 c4 50. Rb1 Ra3 51. Rxb4 Rxa2 52. Rxc4 1-0


[Site "https://www.chess.com"]

[Event "Titled Tuesday Blitz July 11 Late 2023"]
[White "Trifan, Andrei Ioan"]
[Black "Kohler, Aran"]
[WhiteFideId "12967068"]
[BlackFideId "1002856"]
[WhiteElo "2495"]
[BlackElo "2235"]
[Result "1-0"]
[Round "2"]
[TimeControl "180+2"]
[Date "2023.07.11"]
[WhiteClock "0:00:17"]
[BlackClock "0:00:00"]
[Board "164"]

1. Nf3 Nf6 2. e3 d5 3. Be2 c5 4. d4 Nc6 5. b3 cxd4 6. Nxd4 e5 7. Nxc6 bxc6 8. Bb2 Bd6 9. O-O O-O 10. c4 Re8 11. Nc3 d4 12. exd4 exd4 13. Na4 c5 14. Bf3 Rb8 15. Ba3 Qc7 16. Re1 Bd7 17. Qd2 Bxa4 18. bxa4 Bxh2+ 19. Kf1 Bd6 20. a5 Bf8 21. a6 Qh2 22. g3 Re6 23. Rxe6 Qh3+ 24. Kg1 Qxe6 25. Qd3 Qxa6 26. Bc1 g6 27. Bf4 Re8 28. Kg2 Bg7 29. a4 h5 30. Qb3 Ng4 31. Qb5 Qc8 32. Bb7 Qe6 33. Bf3 d3 34. Rd1 Bd4 35. Rxd3 Nxf2 36. Rxd4 cxd4 37. Kxf2 Qe1+ 38. Kg2 d3 39. Qd5 Re2+ 40. Bxe2 Qxe2+ 41. Kh1 Qf1+ 42. Kh2 Qe2+ 43. Qg2 Qe8 44. c5 Qxa4 45. c6 Qc4 46. c7 Kh7 47. Qb7 Qc2+ 48. Kh3 d2 49. Bxd2 Qxd2 50. c8=Q Qf2 51. Qg2 Qf6 52. Qcc2 Qe6+ 53. Kh2 a5 54. Qge2 Qf6 55. Qb2 Qd8 56. Qee5 Qf8 57. Qxa5 Qe7 58. Qae5 Qf8 59. Qbb8 1-0


[Site "https://www.chess.com"]

[Event "Titled Tuesday Blitz July 11 Late 2023"]
[White "rikchessmx"]
[Black "Mei, Austin"]
[BlackFideId "30948479"]
[WhiteElo "2231"]
[BlackElo "2495"]
[Result "1-0"]
[Round "2"]
[TimeControl "180+2"]
[Date "2023.07.11"]
[WhiteClock "0:01:29"]
[BlackClock "0:00:59"]
[Board "165"]

1. e4 e5 2. Nf3 Nc6 3. Bb5 a6 4. Ba4 Nf6 5. O-O Nxe4 6. d4 b5 7. Bb3 d5 8. dxe5 Be6 9. c3 Bc5 10. Nbd2 O-O 11. Nxe4 dxe4 12. Qxd8 Raxd8 13. Ng5 Bf5 14. e6 fxe6 15. Bxe6+ Bxe6 16. Nxe6 Rxf2 17. Nxc5 Rxf1+ 18. Kxf1 Rd1+ 19. Ke2 Rh1 20. Nxe4 Ne5 21. b3 Rxh2 22. Bf4 Rxg2+ 23. Kf1 Rg4 24. Bxe5 Rxe4 25. Bxc7 g5 26. Rc1 Kf7 27. c4 bxc4 28. bxc4 h5 29. c5 Ke6 30. c6 Rh4 31. Kg2 Rg4+ 32. Kf3 Rb4 33. Ba5 Rb8 34. c7 Rc8 35. Rd1 1-0


[Site "https://www.chess.com"]

[Event "Titled Tuesday Blitz July 11 Late 2023"]
[White "Koc, Przemyslaw"]
[Black "Sala, Giulia"]
[WhiteFideId "1109081"]
[BlackFideId "2840451"]
[WhiteElo "2494"]
[BlackElo "2221"]
[Result "1-0"]
[Round "2"]
[TimeControl "180+2"]
[Date "2023.07.11"]
[WhiteClock "0:00:34"]
[BlackClock "0:01:16"]
[Board "166"]

1. Nf3 Nf6 2. g3 g6 3. b3 Bg7 4. Bb2 O-O 5. Bg2 d6 6. d4 Ne4 7. Nfd2 Nxd2 8. Nxd2 Nc6 9. e3 Bd7 10. O-O e5 11. dxe5 dxe5 12. Qe2 a6 13. c4 Qe7 14. a3 Rfd8 15. b4 Be6 16. Nb3 f5 17. Nc5 Bc8 18. Rad1 Rd6 19. Rd2 Rb8 20. Rfd1 b6 21. Rxd6 cxd6 22. Nxa6 Bxa6 23. Bxc6 Rc8 24. Bd5+ Kh8 25. a4 Rc7 26. Ba3 h5 27. h4 Bc8 28. b5 Bf8 29. Bb4 Be6 30. a5 Bxd5 31. Rxd5 Qd8 32. a6 Kg7 33. Qd3 Rd7 34. f4 e4 35. Qa3 Qb8 36. Bc3+ Kh7 37. Bd4 Be7 38. Qb4 Qd8 39. Bc3 Bxh4 40. gxh4 Qxh4 41. Be1 Qh3 42. Qd2 Rc7 43. Rxd6 Rxc4 44. Rd7+ Kh6 45. Qg2 Qxe3+ 46. Kh1 Rc1 47. Qg5# 1-0


[Site "https://www.chess.com"]

[Event "Titled Tuesday Blitz July 11 Late 2023"]
[White "Kopacz, Grzegorz"]
[Black "Novikov, Evgenij"]
[WhiteFideId "1109880"]
[BlackFideId "4125380"]
[WhiteElo "2221"]
[BlackElo "2494"]
[Result "1-0"]
[Round "2"]
[TimeControl "180+2"]
[Date "2023.07.11"]
[WhiteClock "0:00:59"]
[BlackClock "0:00:39"]
[Board "167"]

1. e4 e5 2. Nc3 Nf6 3. Bc4 Bc5 4. d3 d6 5. f4 Ng4 6. f5 Qh4+ 7. g3 Bf2+ 8. Kf1 Bxg3 9. hxg3 Qxh1 10. Qxg4 g6 11. Nd5 Kd7 12. fxg6+ Kc6 13. Ne7+ Kb6 14. Be3+ c5 15. Nxc8+ Kc7 16. Ne7 fxg6 17. Nd5+ Kc6 18. b4 Rf8+ 19. Bf2 a6 20. bxc5 Qh2 21. Ne7+ Kc7 22. cxd6+ Kxd6 23. Qe6+ Kc7 24. Nd5+ Kd8 25. Qe7+ Kc8 26. Qc7# 1-0


[Site "https://www.chess.com"]

[Event "Titled Tuesday Blitz July 11 Late 2023"]
[White "Liu, Casper"]
[Black "Thiel, Thomas"]
[WhiteFideId "1454153"]
[BlackFideId "4615964"]
[WhiteElo "2491"]
[BlackElo "2220"]
[Result "1-0"]
[Round "2"]
[TimeControl "180+2"]
[Date "2023.07.11"]
[WhiteClock "0:00:24"]
[BlackClock "0:00:41"]
[Board "168"]

1. d4 d5 2. Bf4 Nf6 3. Nf3 c5 4. e3 Nc6 5. Nbd2 Qb6 6. dxc5 Qxb2 7. Rb1 Qc3 8. Bb5 Nd7 9. O-O Qxc5 10. e4 d4 11. Bxc6 bxc6 12. Nb3 Qh5 13. Nbxd4 Ba6 14. c4 Rc8 15. Qa4 e5 16. Nxe5 Nxe5 17. Bxe5 Qxe5 18. Nxc6 Qe6 19. Nxa7+ Qd7 20. Qxa6 1-0


[Site "https://www.chess.com"]

[Event "Titled Tuesday Blitz July 11 Late 2023"]
[White "Urbina Perez, Juan Antonio"]
[Black "Broca Jimenez, Fernando"]
[WhiteFideId "2217368"]
[BlackFideId "5104742"]
[WhiteElo "2491"]
[BlackElo "2219"]
[Result "1-0"]
[Round "2"]
[TimeControl "180+2"]
[Date "2023.07.11"]
[WhiteClock "0:00:44"]
[BlackClock "0:00:03"]
[Board "169"]

1. e4 c5 2. Nf3 d6 3. Bb5+ Nd7 4. d4 cxd4 5. Qxd4 Nf6 6. Nc3 a6 7. Bxd7+ Bxd7 8. Bg5 e6 9. O-O-O Be7 10. e5 dxe5 11. Nxe5 Bc6 12. Nxc6 bxc6 13. Bxf6 Bxf6 14. Qc5 Qc7 15. g3 Be7 16. Qc4 O-O 17. Rd3 Rab8 18. Rhd1 Qa5 19. Qa4 Qb6 20. b3 Qxf2 21. Kb1 Qxh2 22. Ne4 f5 23. Nc3 Bf6 24. Qxc6 Kh8 25. Qxe6 Rfc8 26. Qxf5 h6 27. R1d2 Qg1+ 28. Kb2 Qc5 29. Qf3 Qc6 30. Qxc6 Rxc6 31. Rf2 Rbc8 32. Rff3 Kh7 33. a3 Kg6 34. b4 Rc4 35. Kb3 h5 36. Nd5 Rxc2 37. Nxf6 gxf6 38. Rd6 Rf8 39. Rxa6 Kg5 40. Ra5+ f5 41. Kxc2 1-0


[Site "https://www.chess.com"]

[Event "Titled Tuesday Blitz July 11 Late 2023"]
[White "Cooper, Aaron"]
[Black "Camacho Collados, Marcos"]
[WhiteFideId "2634945"]
[BlackFideId "2266237"]
[WhiteElo "2219"]
[BlackElo "2487"]
[Result "1-0"]
[Round "2"]
[TimeControl "180+2"]
[Date "2023.07.11"]
[WhiteClock "0:00:18"]
[BlackClock "0:00:07"]
[Board "170"]

1. b4 e5 2. Bb2 d6 3. c4 Nf6 4. e3 g6 5. Nf3 Bg7 6. d4 e4 7. Nfd2 O-O 8. Nc3 Re8 9. Be2 h5 10. h3 c6 11. Qb3 b6 12. d5 c5 13. a3 Bf5 14. Rg1 Qd7 15. O-O-O cxb4 16. axb4 a5 17. b5 h4 18. Na4 Qc7 19. Bd4 Nbd7 20. Qb2 Rec8 21. Kb1 Rab8 22. Rc1 Qd8 23. Bg4 Bxg4 24. hxg4 Nc5 25. Nxc5 bxc5 26. Bc3 Ne8 27. Nxe4 Bxc3 28. Qxc3 Qe7 29. f3 f5 30. gxf5 gxf5 31. Nd2 Qf6 32. g3 Qxc3 33. Rxc3 hxg3 34. Rxg3+ Kf7 35. Rc1 Nf6 36. Rcg1 Rg8 37. Rxg8 Nxg8 38. Kc2 Ne7 39. Kd3 Ng6 40. f4 Nh4 41. Rg5 Kf6 42. Rh5 Ng2 43. Nf3 Re8 44. Rh6+ Kg7 45. Re6 Rd8 46. b6 a4 47. Re7+ Kf6 48. Ra7 Rb8 49. b7 a3 50. Nd2 a2 51. Nb3 Ne1+ 52. Kd2 Nf3+ 53. Kc3 Ke7 54. Kb2 Kd7 55. Kxa2 Kc7 56. Na5 Nd2 57. Ra6 Nf1 58. Rc6+ Kd7 59. Rb6 Kc7 60. Rb3 Nxe3 61. Rxe3 Kb6 62. Ra3 Re8 63. Kb3 Re3+ 64. Ka4 Re8 65. Rb3+ Ka6 66. b8=Q Rxb8 67. Rxb8 1-0


[Site "https://www.chess.com"]

[Event "Titled Tuesday Blitz July 11 Late 2023"]
[White "Taboas Rodriguez, Daniel"]
[Black "KSho99"]
[WhiteFideId "2208466"]
[WhiteElo "2487"]
[BlackElo "2211"]
[Result "1-0"]
[Round "2"]
[TimeControl "180+2"]
[Date "2023.07.11"]
[WhiteClock "0:01:50"]
[BlackClock "0:00:01"]
[Board "171"]

1. d4 d5 2. Nf3 Nf6 3. c4 dxc4 4. e3 e6 5. Bxc4 c5 6. O-O a6 7. b3 b6 8. Bb2 Bb7 9. Nbd2 Nbd7 10. Qe2 Be7 11. Ne5 O-O 12. Ndf3 Nxe5 13. dxe5 Nd5 14. Rad1 Qc7 15. e4 Nf4 16. Qe3 Ng6 17. a4 Rfd8 18. h4 Nxh4 19. Nxh4 Bxh4 20. g3 Be7 21. f4 Rxd1 22. Rxd1 Rd8 23. Rf1 Qc6 24. Re1 b5 25. axb5 axb5 26. Bf1 c4 27. Kh2 Bc5 28. Qf3 Rd2+ 29. Re2 Rxe2+ 30. Bxe2 cxb3 31. Bd3 b4 32. Qd1 Bb6 33. Qxb3 Qc5 34. Qc2 Qxc2+ 35. Bxc2 Be3 36. Kg2 Bd2 37. Kf3 f5 38. exf6 gxf6 39. Bxf6 Bc3 40. Bxc3 bxc3 41. Ke3 Kf7 42. Kd4 Kg6 43. Kxc3 Kf6 44. Kd4 h6 45. e5+ Ke7 46. Kc5 Bf3 47. Ba4 Bg4 48. Bc6 Bf5 49. Kb6 Bg4 50. Kc7 Bf5 51. Bf3 Bd3 52. Kc6 Bc2 53. Kc5 Bg6 54. Kd4 Bb1 55. Ke3 Ba2 56. Kf2 Bc4 57. Kg2 Kf7 58. Kh3 Kg7 59. Kh4 Bb3 60. Kh3 Bc2 61. Kg2 Bb3 62. Kf2 Kf7 63. Ke3 Ke7 64. Kd4 Bc2 65. Be2 Bf5 66. Bc4 Bg4 67. Bd3 Bh3 68. Ke3 Bg4 69. Be4 Bd1 70. Bf3 Bc2 71. Be2 Bf5 72. Kf3 Bg6 73. Kg4 Kf7 74. Bc4 Bf5+ 75. Kh5 Bg6+ 76. Kxh6 Bf5 77. Kg5 Bh7 78. g4 Ke7 79. f5 1-0


[Site "https://www.chess.com"]

[Event "Titled Tuesday Blitz July 11 Late 2023"]
[White "Osmonbekov, Talaibek"]
[Black "Bettalli, Francesco"]
[WhiteFideId "2017253"]
[BlackFideId "2816453"]
[WhiteElo "2211"]
[BlackElo "2485"]
[Result "0-1"]
[Round "2"]
[TimeControl "180+2"]
[Date "2023.07.11"]
[WhiteClock "0:00:00"]
[BlackClock "0:00:21"]
[Board "172"]

1. d4 g6 2. e4 Bg7 3. Nc3 c6 4. h4 h5 5. Bc4 e6 6. Bg5 Qa5 7. e5 b5 8. Bb3 Ne7 9. Bxe7 Kxe7 10. Nf3 Na6 11. O-O Nc7 12. Ne4 Nd5 13. Nd6 f6 14. Bxd5 cxd5 15. Qd3 fxe5 16. dxe5 Rh6 17. Qe3 Ba6 18. Qg5+ Kf8 19. Qf4+ Kg8 20. Qf7+ Kh8 21. Qxd7 Rh7 22. Nf7+ Kg8 23. N3g5 Bc8 24. Qe8+ Bf8 25. Nxh7 Bb7 26. Nf6+ Kg7 27. Qd7 Bc8 28. Ne8+ Kg8 29. Nf6+ Kg7 30. Qc6 Kxf7 31. Qxa8 Qc7 32. b3 Bc5 33. c4 bxc4 34. bxc4 dxc4 35. Rac1 Bb6 36. Qf3 Ke7 37. Qe4 Bb7 38. Qxg6 Qxe5 39. Qg7+ Kd6 40. Rfd1+ Kc6 41. Qd7+ Kc5 42. Qxb7 Qxf6 43. Qe4 c3 44. Rd3 Kb5 45. Rdxc3 Qxf2+ 0-1


[Site "https://www.chess.com"]

[Event "Titled Tuesday Blitz July 11 Late 2023"]
[White "UgarteCesar"]
[Black "Ladan, Nicholas"]
[BlackFideId "30918855"]
[WhiteElo "2206"]
[BlackElo "2484"]
[Result "0-1"]
[Round "2"]
[TimeControl "180+2"]
[Date "2023.07.11"]
[WhiteClock "0:00:13"]
[BlackClock "0:00:12"]
[Board "173"]

1. d4 d5 2. c4 e6 3. Nf3 Nf6 4. Bg5 Nbd7 5. Nc3 Bb4 6. a3 Bxc3+ 7. bxc3 h6 8. Bh4 g5 9. Bg3 Ne4 10. Qc2 h5 11. cxd5 exd5 12. h4 Nxg3 13. fxg3 g4 14. Nd2 Qf6 15. e4 Nb6 16. e5 Bf5 17. Bd3 Bxd3 18. Qxd3 Qe7 19. O-O O-O-O 20. Qf5+ Rd7 21. a4 a5 22. Nb3 Nc4 23. Nc5 Ne3 24. Qxd7+ Qxd7 25. Nxd7 Nxf1 26. Rxf1 Kxd7 27. Rxf7+ Kc6 28. Kf2 b5 29. axb5+ Kb6 30. Ke3 a4 31. Kd3 a3 32. Kc2 a2 33. Kb2 Ra8 34. Ka1 Ra3 35. e6 Rxc3 36. Kxa2 Kxb5 37. e7 Re3 38. Rf5 Rxe7 39. Rxd5+ Kc4 40. Rxh5 Kxd4 41. Rg5 c5 42. Rxg4+ Kd3 43. h5 c4 44. h6 c3 45. Rg7 c2 46. Kb2 Kd2 47. Rxe7 c1=Q+ 48. Kb3 Qc3+ 49. Ka2 Qc4+ 50. Kb1 Qb4+ 51. Ka2 Qxe7 0-1


[Site "https://www.chess.com"]

[Event "Titled Tuesday Blitz July 11 Late 2023"]
[White "Miguelitro69"]
[Black "Mindhunter08"]
[WhiteElo "2200"]
[BlackElo "2483"]
[Result "0-1"]
[Round "2"]
[TimeControl "180+2"]
[Date "2023.07.11"]
[WhiteClock "0:00:58"]
[BlackClock "0:00:10"]
[Board "174"]

1. e4 e5 2. Nf3 Nc6 3. Bb5 a6 4. Ba4 Nf6 5. O-O Be7 6. d3 d6 7. c3 O-O 8. Be3 b5 9. Bc2 d5 10. h3 h6 11. a4 b4 12. Re1 dxe4 13. dxe4 Qxd1 14. Rxd1 Be6 15. Nbd2 Rab8 16. c4 Nd7 17. b3 Bc5 18. Nf1 Bxe3 19. Nxe3 Nc5 20. Nd5 Rfc8 21. Rd2 Kf8 22. Rad1 f6 23. Ne3 Na5 24. Rb1 c6 25. g4 Rd8 26. Nf5 Rxd2 27. Nxd2 Rd8 28. Nf1 g6 29. Nh4 Bf7 30. Ng2 Ne6 31. Kh2 Nd4 32. Bd1 Be6 33. Kg3 Nb7 34. f4 Nc5 35. f5 Nxe4+ 36. Kh4 g5+ 37. Kh5 Bf7+ 38. Kxh6 Ke7 39. Kg7 Nc3 40. Rc1 Nxd1 41. Rxd1 Nxf5+ 42. gxf5 Rxd1 43. Nfe3 Rb1 44. h4 gxh4 45. Nxh4 Rxb3 46. Ng4 Rg3 0-1


[Site "https://www.chess.com"]